 Dungeon Crawl Stone Soup version 0.29.1-15-g9cfb28693d (webtiles) character file.

Game seed: 9797756601662347029

28 Peloso the Covered (level 2, -1/27 HPs)
             Began as a Minotaur Fighter on Feb 26, 2023.
             Hit by a stone thrown by a gnoll (4 damage)
             ... on level 2 of the Dungeon.
             The game lasted 00:02:03 (779 turns).

Peloso the Covered (Minotaur Fighter)                Turns: 779, Time: 00:02:04

Health: -1/27      AC:  8    Str: 19 (20) XL:     2   Next: 96%
Magic:  1/1        EV:  9    Int:  4 (5)  God:
Gold:   132        SH:  4    Dex:  7 (9)  Spells: 1/1 levels left

rFire   . . .      SeeInvis .   a - +0 long sword
rCold   . . .      Faith    .   d - +0 buckler
rNeg    . . .      Spirit   .   b - +0 scale mail
rPois   .          Reflect  .   (helmet restricted)
rElec   .          Harm     .   (no cloak)
rCorr   +          Rampage  .   c - +0 pair of gloves
Will    .....                   (no boots)
Stlth   ..........              (no amulet)
HPRegen 0.09/turn               k - ring of resist corrosion
MPRegen 0.07/turn               (no ring)

@: no status effects
A: horns 2, retaliatory headbutt
a: no special abilities


You were on level 2 of the Dungeon.
You visited 1 branch of the dungeon, and saw 2 of its levels.

You collected 132 gold pieces.

Inventory:

Hand Weapons
 a - a +0 long sword (weapon)
Armour
 b - a +0 scale mail (worn)
 c - a +0 pair of gloves (worn)
 d - a +0 buckler (worn)
Jewellery
 k - a ring of resist corrosion (left hand)
Scrolls
 i - a scroll of immolation {unknown}
 n - a scroll of silence {unknown}
Potions
 f - 2 potions of flight
 h - a potion of curing
 j - 2 potions of berserk rage {unknown}
 l - 3 potions of might
 m - a potion of cancellation {unknown}


   Skills:
 + Level 4.0 Fighting
 + Level 2.7 Long Blades
 + Level 4.1 Armour
 + Level 4.1 Shields


You had one spell level left.
You didn't know any spells.
Your spell library contained the following spells:

 Spells                   Type           Power      Damage    Failure   Level
 Conjure Flame            Conj/Fire      0%         6-21      100%        3
 Ignite Poison            Fire/Tmut/Pois 0%         N/A       100%        3
 Sticky Flame             Conj/Fire      0%         2d3       100%        4


Dungeon Overview and Level Annotations

Branches:
Dungeon (2/15)

Altars:

Shops:
D:1 :


Innate Abilities, Weirdness & Mutations

You have a pair of horns on your head.
You reflexively headbutt those who attack you in melee.


Message History

A gnoll comes into view. It is wielding a +0 flail.
The gnoll shouts!
You hear a shout! x2
A gnoll comes into view. It is wielding a +0 whip.
A gnoll comes into view. It is wielding a +0 flail.
Found a runed scarf.
The gnoll shouts! x2
The gnoll hits you but does no damage.
You closely miss the gnoll.
A goblin comes into view. It is wielding a +0 dagger.
The gnoll hits you with a +0 club.
You closely miss the gnoll. The gnoll hits you with a +0 club. x2
You hit the gnoll. Your headbutt misses the gnoll.
The gnoll is moderately wounded.
The gnoll barely misses you.
You closely miss the gnoll.
You headbutt the gnoll, but do no damage.
The gnoll is moderately wounded.
You barely miss the gnoll. The gnoll hits you with a +0 whip.
You barely miss the gnoll. The gnoll barely misses you.
Unknown command.
The gnoll attacks as you move away! The gnoll hits you but does no damage.
Okay, then.
Okay, then.
As you read the scroll labelled ZESELE KIYQA, it crumbles to dust.
It is a scroll of identify.
g - a scroll of blinking The gnoll hits you with a +0 whip.
* * * LOW HITPOINT WARNING * * *
The gnoll attacks as you move away! The gnoll hits you but does no damage.
The gnoll attacks as you move away! The gnoll barely misses you.
You furiously retaliate!
You headbutt the gnoll! The gnoll attacks as you move away!
You block the gnoll's attack. The gnoll attacks as you move away!
The gnoll barely misses you. The gnoll attacks as you move away!
The gnoll hits you with a +0 whip.
* * * LOW HITPOINT WARNING * * *
Blink to where?
Press: ? - help, Dir - move target
As you read the scroll of blinking, it crumbles to dust.
The gnoll throws a stone.
The stone hits you.
You die...

#.#.### #.# #.# #.
#.....###.# #.# #.
......##.###.# #. ..
#.#.##...##.#########.
#.#
#......#..............
#.#
###.##...#############
#.# #.###.## #.#
####.###.#
#.####g.g..@..#
######.##......#####
gg.g.#..gg...###
####.#.#####.#
####.#.# #.# .....g.#
#.# ###....# #.#
#....#####.#
####.......#


You could see 3 gnolls.

Vanquished Creatures
  An adder (D:2)
  2 giant cockroaches
  A goblin (D:1)
  3 hobgoblins
  2 kobolds (D:1)
  3 quokkas
  A ball python (D:1)
  2 bats (D:1)
  A rat (D:1)
16 creatures vanquished.

Notes
Turn   | Place    | Note
-------+----------+-------------------------------------------
     0 | D:1      | Peloso the Minotaur Fighter began the quest for the Orb.
     0 | D:1      | Reached XP level 1. HP: 19/19 MP: 0/0
     9 | D:1      | Found Idisut's Book Shoppe.
   303 | D:1      | Reached XP level 2. HP: 27/27 MP: 1/1
   392 | D:1      | Found a faded altar of an unknown god.
   764 | D:2      | HP: 1/27 [gnoll/+0 whip (6)]
   779 | D:2      | Hit by a stone thrown by a gnoll

Illustrated notes

Levels and vault maps discovered:
D:1:      scummos_arrival_star, layout_basic, serial_shops, shop,
          shapermc_ecumenical_altar_mp_urbaneastern, moated_statue,
          nicolae_titane
D:2:      layout_loops_ring

Skill      XL: |  1  2 |
---------------+-------+-----
Armour         | 4 |  4.1
Shields        | 4 |  4.1
Fighting       | 4 |  4.0
Long Blades    | |  2.7

Action                   || total
-------------------------++-------
Melee: Long sword        ||    41
       Headbutt          ||     5
  Use: Potion            ||     4
       Scroll            ||     2
Armor: Scale mail        ||    24
Dodge: Dodged            ||    33
Block: Buckler           ||    11
